 Dungeon Crawl Stone Soup version 0.19.5 (webtiles) character file.

1535 Dadi the Thaumaturge (level 8, -3/41 HPs)
             Began as a Deep Elf Conjurer on Apr 20, 2017.
             Was a Believer of Vehumet.
             Slain by a bullfrog (8 damage)
             ... on level 7 of the Dungeon.
             The game lasted 00:12:14 (7634 turns).

Dadi the Thaumaturge (Deep Elf Conjurer)            Turns: 7634, Time: 00:12:15

Health: -3/41      AC:  4    Str:  5    XL:     8   Next: 55%
Magic:  20/32      EV: 13    Int: 27    God:    Vehumet [**....]
Gold:   245        SH:  0    Dex: 15    Spells: 3 memorised, 17 levels left

rFire  . . .     SeeInvis .     E - -2 short sword (curse)
rCold  . . .     Gourm    .     y - +0 robe "Domaheff" {rElec Int+4}
rNeg   . . .     Faith    .     (no shield)
rPois  +         Spirit   .     (no helmet)
rElec  +         Reflect  .     (no cloak)
rCorr  .         Harm     .     v - +1 pair of gloves
MR     .....                    (no boots)
Stlth  ++........               (no amulet)
                                A - ring of magical power
                                g - ring of poison resistance

@: no status effects
A: no striking features
a: Renounce Religion


You were on level 7 of the Dungeon.
You worshipped Vehumet.
Vehumet was pleased with you.
You were hungry.

You visited 2 branches of the dungeon, and saw 8 of its levels.
You also visited: Sewer.

You collected 245 gold pieces.

Inventory:

Hand Weapons
 d - a +0 short sword
 E - a cursed -2 short sword (weapon)
Armour
 a - a +0 robe
 v - a +1 pair of gloves (worn)
 y - the +0 robe "Domaheff" (worn) {rElec Int+4}
   (You found it on level 4 of the Dungeon)

   It affects your intelligence (+4).
   It insulates you from electricity.
Jewellery
 g - a ring of poison resistance (left hand)
 i - an uncursed ring of fire
 A - a ring of magical power (right hand)
 F - an uncursed ring of protection from fire
Wands
 D - a wand of flame (16/48)
 G - a wand of iceblast (6/15)
 K - a wand of teleportation (4/9)
Scrolls
 f - 4 scrolls of teleportation {unknown}
 n - 2 scrolls of remove curse {unknown}
 o - 2 scrolls of enchant weapon {unknown}
 s - a scroll of magic mapping {unknown}
 u - 3 scrolls of identify {unknown}
 w - a scroll of noise {unknown}
 I - a scroll of blinking {unknown}
Potions
 e - 9 potions of curing
 h - 6 potions of heal wounds {unknown}
 k - 2 potions of flight {unknown}
 m - 2 potions of invisibility {unknown}
 p - 2 potions of resistance {unknown}
 q - 4 potions of brilliance {unknown}
 t - a potion of beneficial mutation {unknown}
 z - a potion of berserk rage {unknown}
 B - a potion of ambrosia {unknown}
 H - a potion of might {unknown}
 L - a potion of cure mutation {unknown}
 M - a potion of agility {unknown}
Books
 b - a book of Conjurations

   Spells                             Type                      Level
   a - Magic Dart                     Conjuration                  1
   b - Searing Ray                    Conjuration                  2
   c - Dazzling Spray                 Conjuration/Hexes            3
   d - Fulminant Prism                Conjuration/Hexes            4
   e - Iskenderun's Mystic Blast      Conjuration                  4
   f - Iskenderun's Battlesphere      Conjuration/Charms           5
Comestibles
 c - 3 bread rations
 l - 2 meat rations
 x - 2 beef jerkies
 C - 2 slices of pizza
 J - 4 fruits


   Skills:
 - Level 2.4 Dodging
 - Level 2.4 Stealth
 - Level 9.0 Spellcasting
 + Level 8.9 Conjurations
 + Level 6.8 Charms


You had 17 spell levels left.
You knew the following spells:

 Your Spells              Type           Power        Failure   Level  Hunger
a - Magic Dart            Conj           ####         1%          1    None
b - Searing Ray           Conj           ######       1%          2    None
t - Iskenderun's Battles  Conj/Chrm      ######..     6%          5    ####...


Dungeon Overview and Level Annotations

Branches:
Dungeon (7/15)             Temple (1/1) D:4

Altars:
Ashenzari
Cheibriados
Dithmenos
Elyvilon
Fedhas
Gozag
Hepliaklqana
Kikubaaqudgha
Makhleb
Nemelex Xobeh
Okawaru
Qazlal
Ru
Sif Muna
Trog
Uskayaw
Vehumet
Xom
Yredelemnul
Zin
The Shining One

Shops:
D:4 *

Annotations:
D:7 Artagas's ghost, novice CeHu


Message History

Evoke which item? (* to show all) (? for menu, Esc to quit)
Zapping:
K - a wand of teleportation {zapped: 6} (will waste charges)
Press: ? - help, Shift-Dir - straight line, f - you Nothing appears to happen.
The spriggan baker hits you with a mace!
* * * LOW HITPOINT WARNING * * *
The bullfrog hits you but does no damage.
As you read the scroll labeled ZASKUA YZARI, it crumbles to dust.
You experience a momentary feeling of inescapable doom!
It was a scroll of random uselessness.
The bullfrog completely misses you.
The spriggan baker hits you with a mace.
* * * LOW HITPOINT WARNING * * *
As you read the scroll labeled NYNIZX GARUXKI, it crumbles to dust.
It is a scroll of recharging.
Charge which item? (? for menu, Esc to quit)
Choose an item to recharge, or Esc to abort.
Charge which item? (? for menu, Esc to quit)
Your wand of teleportation {empty} glows for a moment.
The bullfrog misses you. The bullfrog hits you!
You die...

.
##.#..#.##.#
#....!#
###..#.##.#
#####.#
#..#.##.#
#)# ......
.?. ##%.....
#.#.
####.#..
#.#. #W#...
#.# #F#...#
.# #@# ...
#.i.....#
###......
...... ..#.#
..... ...#
####


You could see a spriggan baker, a bullfrog and Artagas's ghost.

Vanquished Creatures
  Prince Ribbit (D:7)
  Eustachio (D:4)
  Menkaure (D:7)
  An ice beast (D:7)
  An ogre (D:7)
  A bullfrog (D:7)
  A scorpion (D:4)
  A crimson imp (D:6)
  The ghost of NullDivider the Ducker, a weakling FeMo (D:3)
  A hound (D:4)
  An orc priest (D:3)
  Crazy Yiuf (D:4)
  4 orc wizards
  4 bullfrog skeletons
  Terence (D:3)
  Ijyb (D:3)
  A worker ant (D:5)
  8 adders
  3 gnolls (D:4)
  10 river rats
  An ooze (Sewer)
  An adder skeleton (D:7)
  An adder zombie (D:7)
  2 worms
  4 leopard geckos
  15 orcs
  6 ball pythons
  6 bats
  10 giant cockroaches
  6 goblins
  5 hobgoblins
  6 jackals
  A quokka (D:5)
  A frilled lizard (Sewer)
  22 kobolds
  24 rats
155 creatures vanquished.

Vanquished Creatures (others)
  A quokka (D:4)
1 creature vanquished.

Grand Total: 156 creatures vanquished

Notes
Turn   | Place    | Note
-------+----------+-------------------------------------------
     0 | D:1      | Dadi the Deep Elf Conjurer began the quest for the Orb.
     0 | D:1      | Reached XP level 1. HP: 10/10 MP: 6/6
   373 | D:1      | Reached XP level 2. HP: 15/15 MP: 0/8
   636 | D:2      | Reached skill level 4 in Spellcasting
   836 | D:2      | Reached XP level 3. HP: 14/19 MP: 0/10
   837 | D:2      | Found a blossoming altar of Fedhas.
   945 | D:2      | Reached skill level 5 in Conjurations
  1740 | D:3      | Noticed NullDivider's ghost (weakling FeMo)
  1754 | D:3      | Learned a level 2 spell: Searing Ray
  2395 | D:3      | Noticed Ijyb
  2501 | D:3      | Found a basalt altar of Yredelemnul.
  2525 | D:3      | Noticed Terence
  2598 | D:4      | Reached skill level 5 in Spellcasting
  2598 | D:4      | Reached XP level 4. HP: 17/24 MP: 5/13
  2871 | D:4      | Found an opulent altar of Gozag.
  2875 | D:4      | Found Gozag's Platinum Reserve.
  2948 | D:4      | Found a staircase to the Ecumenical Temple.
  2949 | D:4      | Found a faded altar of an unknown god.
  2953 | D:4      | Got a heavily jewelled robe
  2964 | D:4      | Identified the +0 robe "Domaheff" {rElec Int+4} (You found it on level 4 of the Dungeon)
  2976 | Temple   | Entered the Ecumenical Temple
  3165 | Temple   | Became a worshipper of Vehumet
  3195 | D:4      | Reached XP level 5. HP: 18/28 MP: 6/15
  3208 | D:4      | Reached skill level 6 in Spellcasting
  3533 | D:4      | Found a runed door.
  3537 | D:4      | Noticed Crazy Yiuf
  3540 | D:4      | Killed Crazy Yiuf
  3630 | D:4      | Found a white marble altar of Elyvilon.
  3890 | D:4      | Reached XP level 6. HP: 29/32 MP: 10/17
  3956 | D:4      | Reached skill level 7 in Spellcasting
  4354 | D:4      | Noticed Eustachio
  4400 | D:4      | Killed Eustachio
  4400 | D:4      | Reached skill level 8 in Spellcasting
  4511 | D:4      | Learned a level 5 spell: Iskenderun's Battlesphere
  4563 | D:5      | Entered Level 5 of the Dungeon
  4872 | D:5      | Found a hide-covered altar of Uskayaw.
  5056 | D:5      | Reached XP level 7. HP: 36/36 MP: 20/20
  5145 | D:3      | Killed NullDivider's ghost
  5209 | D:3      | Reached * piety under Vehumet
  5209 | D:3      | Offered knowledge of Sting by Vehumet.
  5399 | D:3      | Killed Ijyb
  5462 | D:3      | Killed Terence
  5863 | D:5      | Reached skill level 9 in Spellcasting
  5952 | D:6      | Reached skill level 1 in Charms
  6042 | D:6      | Found a glowing drain.
  6058 | Sewer    | Entered a sewer
  6368 | Sewer    | Offered knowledge of Sandblast by Vehumet.
  6434 | Sewer    | Reached ** piety under Vehumet
  6893 | D:6      | Found a deep blue altar of Sif Muna.
  7068 | D:6      | Offered knowledge of Throw Frost by Vehumet.
  7099 | D:7      | Reached XP level 8. HP: 25/41 MP: 19/23
  7244 | D:7      | Noticed Prince Ribbit
  7262 | D:7      | Killed Prince Ribbit
  7262 | D:7      | Reached skill level 5 in Charms
  7270 | D:7      | Noticed Menkaure
  7276 | D:7      | Killed Menkaure
  7618 | D:7      | Noticed Artagas's ghost (novice CeHu)
  7634 | D:7      | Slain by a bullfrog

Skill      XL: |  1  2  3  4  5  6  7  8 |
---------------+-------------------------+-----
Spellcasting   | 4 5 6 8 9 |  9.0
Conjurations   | 5 6 7 8 |  8.9
Charms         | 4 6 |  6.8
Dodging        | |  2.4
Stealth        | |  2.4

Action                   |  1- 3 |  4- 6 |  7- 9 || total
-------------------------+-------+-------+-------++-------
Melee: Unarmed           |     1 |       |       ||     1
       Short sword       |    11 |     6 |     1 ||    18
 Cast: Magic Dart        |   103 |    94 |   263 ||   460
       Searing Ray       |     3 |     3 |       ||     6
       Iskenderun's Batt |       |       |     4 ||     4
Evoke: Wand              |       |       |     1 ||     1
  Use: Scroll            |       |       |     3 ||     3
  Eat: Chunk             |     3 |     6 |     9 ||    18
       Fruit             |     1 |       |       ||     1
       Pizza             |     1 |       |       ||     1
Armor: Robe              |     8 |     6 |    13 ||    27
Dodge: Dodged            |    29 |    22 |    33 ||    84
